 Dungeon Crawl Stone Soup version 0.27.0-1-g7a089689b8 (webtiles) character file.

Game seed: 6815716142600123089

19 Spectrina the Sneak (level 2, -4/18 HPs)
             Began as a Deep Elf Monk on Aug 2, 2021.
             Slain by a kobold (5 damage)
             ... on level 3 of the Dungeon.
             The game lasted 00:03:34 (556 turns).

Spectrina the Sneak (Deep Elf Monk)                  Turns: 556, Time: 00:03:34

Health: -4/18      AC:  2    Str:  8    XL:     2   Next: 55%
Magic:  4/4        EV: 13    Int: 14    God:
Gold:   25         SH:  0    Dex: 17    Spells: 1/1 levels left

rFire    . . .     SeeInvis .   a - +0 short sword
rCold    . . .     Faith    .   (no shield)
rNeg     . . .     Spirit   .   b - +0 robe
rPois    .         Reflect  .   (no helmet)
rElec    .         Harm     .   (no cloak)
rCorr    .         Rampage  .   (no gloves)
Will     .....                  (no boots)
Stlth    +++.......             (no amulet)
HPRegen  0.06/turn              (no ring)
MPRegen  0.09/turn              (no ring)

@: no status effects
A: no striking features
a: no special abilities


You were on level 3 of the Dungeon.
You visited 1 branch of the dungeon, and saw 3 of its levels.

You collected 25 gold pieces.

Inventory:

Hand Weapons
 a - a +0 short sword (weapon)
 c - a +0 dagger
Missiles
 e - 22 bolts
 f - 21 sling bullets
 g - 14 stones (quivered)
Armour
 b - a +0 robe (worn)
Magical Staves
 h - a staff of conjuration
Scrolls
 d - a scroll of noise {unknown}
Potions
 i - a potion of lignification {unknown}


   Skills:
 - Level 2.4 Fighting
 - Level 3.0 Short Blades
 - Level 3.6 Dodging
 + Level 4.1 Stealth


You had one spell level left.
You didn't know any spells.
Your spell library was empty.

Dungeon Overview and Level Annotations

Branches:
Dungeon (3/15)

Altars:
Okawaru

Shops:
D:1 !   D:2 *


Message History

You kill the bat!
Found a chain mail.
Found 7 gold pieces.
Found an iron altar of Okawaru.
You now have 25 gold pieces (gained 7).
You open the door.
There is an open door here.
You see here a +0 chain mail.
Unknown command.
A kobold comes into view. It is wielding a +0 short sword.
A rat comes into view.
The kobold shouts!
The kobold hits you with a +0 short sword.
You hit the kobold.
You kill the kobold!
You see here a +0 short sword.
You hit the rat.
You kill the rat!
You see here a rat corpse.
A kobold comes into view. It is wielding a +0 short sword.
The kobold shouts!
You barely miss the kobold.
The kobold hits you with a +0 short sword.
* * * LOW HITPOINT WARNING * * *
You barely miss the kobold.
The kobold hits you with a +0 short sword.
* * * LOW HITPOINT WARNING * * *
You hit the kobold.
The kobold is severely wounded.
The kobold hits you but does no damage.
You closely miss the kobold.
The kobold is severely wounded.
The kobold closely misses you.
You barely miss the kobold.
The kobold is severely wounded.
The kobold hits you but does no damage.
You barely miss the kobold.
The kobold is severely wounded.
The kobold hits you with a +0 short sword.
You die...

.....# #[###
#...# #.# ##+#
##.## #.# #...##
### #.# #^...#
..###.## #....#
#.##...## ####.#
#K#.....# #.#
#@##...### #.#
#........######.#
########...†)...#
##########


You could see a kobold.

Vanquished Creatures
  2 endoplasms
  3 giant cockroaches
  2 quokkas
  4 ball pythons (D:1)
  2 bats
  A frilled lizard (D:2)
  2 goblins (D:1)
  A kobold (D:3)
  A rat (D:3)
18 creatures vanquished.

Notes
Turn   | Place    | Note
-------+----------+-------------------------------------------
     0 | D:1      | Spectrina the Deep Elf Monk began the quest for the Orb.
     0 | D:1      | Reached XP level 1. HP: 13/13 MP: 3/3
    17 | D:1      | Found Gangiuc's Distillery.
    81 | D:1      | Reached skill level 3 in Stealth
   177 | D:1      | Reached XP level 2. HP: 4/18 MP: 4/4
   243 | D:2      | Found Ylubbon's Assorted Antiques.
   326 | D:3      | Noticed a black bear
   412 | D:2      | Reached skill level 4 in Stealth
   502 | D:3      | Found an iron altar of Okawaru.
   556 | D:3      | Slain by a kobold

Illustrated notes

Levels and vault maps discovered:
D:1:      saegor_arrival_simple_c, layout_loops_cross, serial_shops, shop
D:2:      layout_rooms, serial_shops, nicolae_shop_trees,
          hellmonk_ecumenical_altar_heavens_door, basic_altar, uniq_natasha
D:3:      layout_loops_corners, okawaru_metal_pillars_1_2, trog_hazing_becter,
          st_stairs_3

Skill      XL: |  1  2 |
---------------+-------+-----
Stealth        | 3 4 |  4.1
Fighting       | |  2.4
Short Blades   | |  3.0
Dodging        | |  3.6

Action                   || total
-------------------------++-------
Melee: Short sword       ||    67
 Stab: Sleeping          ||     6
       Distracted        ||     1
Armor: Robe              ||    13
Dodge: Dodged            ||    30
